Map: Lightshade LE

Players

RiSky - Winner!

  • Race: Zerg Zerg

Ranger

  • Race: Protoss Protoss
  • League: Grandmaster

Event: DreamHack SC2 Masters 2021 Summer

VOD

Have the link to the VOD?

Description

Time

  • Played on: May 19, 2021, 4:30 a.m.
  • Length: 11:23

All games in this series

Show
View Real Time Build Order
Export as new Build Order

RiSky Zerg - Winner!

Build Orders: Hatch First 

Get SALT Encoding   

  12  0:00  Drone  
  13  0:12  Overlord  
  13  0:17  Drone  
  14  0:30  Drone x2  
  16  0:48  Drone  
  17  0:55  Hatchery  
  17  0:56  Drone  
  17  1:01  Drone  
  18  1:10  Extractor  
  17  1:15  Spawning Pool  
  17  1:18  Drone  
  17  1:21  Drone  
  18  1:27  Drone  
  19  1:39  Drone  
  20  1:49  Overlord  
  20  2:02  Zergling x2  
  20  2:06  Queen  
  20  2:07  Queen  
  25  2:08  Zergling x2  
  25  2:12  Drone  
  25  2:13  Metabolic Boost  
  27  2:18  Drone  
  28  2:23  Drone  
  30  2:30  Drone  
  30  2:33  Drone  
  31  2:41  Drone  
  31  2:43  Hatchery  
  31  2:48  Queen  
  33  2:52  Zergling x2  
  33  2:59  Overlord  
  33  3:01  Drone  
  33  3:02  Drone  
  35  3:06  Zergling x2  
  36  3:16  Overlord  
  37  3:20  Zergling x6  
  39  3:31  Drone x2  
  40  3:40  Queen  
  40  3:41  Drone  
  42  3:42  Spore Crawler  
  42  3:44  Spore Crawler  
  42  3:45  Overlord  
  42  3:46  Drone  
  42  3:47  Drone  
  42  3:54  Drone x2  
  44  4:00  Drone x2  
  46  4:04  Roach Warren  
  46  4:09  Drone x2  
  48  4:10  Drone  
  48  4:24  Drone, Queen x2  
  49  4:28  Extractor  
  49  4:30  Extractor  
  51  4:36  Queen  
  51  4:38  Drone  
  54  4:42  Drone  
  54  4:43  Drone x5  
  60  4:50  Overlord x2  
  57  4:53  Overlord  
  57  4:58  Overlord  
  57  5:07  Overlord  
  63  5:22  Overlord x2  
  63  5:27  Roach x2  
  67  5:33  Drone x11  
  72  5:42  Roach x2  
  78  5:43  Roach x2  
  78  5:47  Drone x2  
  82  5:51  Drone  
  82  5:52  Lair  
  83  5:59  Drone x2  
  83  6:03  Drone  
  86  6:05  Drone x3  
  86  6:06  Drone x2  
  86  6:08  Roach  
  93  6:13  Queen  
  93  6:14  Queen  
  97  6:20  Drone x2  
  97  6:22  Extractor  
  97  6:24  Extractor  
  97  6:25  Drone  
  98  6:26  Extractor  
  98  6:28  Drone x4  
  101  6:34  Drone x5  
  101  6:35  Overlord  
  101  6:38  Overlord  
  106  6:50  Overlord  
  106  6:54  Hatchery  
  105  7:07  Hydralisk Den  
  105  7:08  Glial Reconstitution  
  104  7:11  Roach x9  
  104  7:12  Queen x2  
  104  7:14  Queen  
  129  7:19  Roach  
  131  7:24  Roach x2  
  131  7:26  Overlord  
  134  7:33  Overlord  
  133  7:47  Roach x6  
  133  7:50  Queen x2  
  149  7:52  Queen  
  149  7:54  Roach  
  149  7:55  Overlord x2  
  153  8:11  Zergling x12  
  153  8:12  Zergling x2  
  160  8:16  Ravager  
  160  8:17  Ravager x15  
  160  8:19  Overlord  
  176  8:21  Overlord  
  176  8:22  Overlord  
  176  8:31  Overlord  
  176  8:35  Overlord  
  176  8:36  Queen  
  176  8:40  Zergling x2  
  176  8:41  Zergling x18  
  182  8:52  Roach x5  
  159  8:55  Overseer x2  
  159  8:56  Overseer  
  154  9:05  Roach x4  
  148  9:13  Roach x3  
  148  9:15  Queen  
  148  9:16  Queen  
  152  9:19  Queen x2  
  152  9:22  Ravager  
  152  9:24  Ravager x5  
  160  9:26  Roach x3  
  160  9:27  Roach x2  
  170  9:32  Roach x2  
  170  9:34  Ravager x7  
  181  9:42  Roach x2  
  185  9:46  Roach x3  
  185  9:51  Queen x2  
  194  9:54  Queen  
  186  10:00  Roach x7  
  185  10:17  Roach x11  
  179  10:22  Overseer x3  
  179  10:23  Overseer  
  179  10:26  Roach  
  179  10:27  Roach x2  
  176  10:35  Roach x3  
  171  10:39  Roach x3  
  171  10:42  Ravager x2  
  175  10:46  Roach  
  175  10:48  Roach  
  179  10:54  Roach x2  
  191  10:57  Extractor  
  191  10:59  Extractor  
  191  11:02  Ravager x3, Overlord x2  
  190  11:07  Hatchery  
Show
View Real Time Build Order
Export as new Build Order

Ranger Protoss 

Build Orders: 1 Gate Expand, Oracle Opening, Zealot Archon 

Get SALT Encoding   

  12  0:00  Probe  
  13  0:12  Probe  
  14  0:22  Pylon  
  14  0:24  Probe  
  15  0:40  Probe (Chrono Boost)  
  16  0:44  Gateway  
  16  0:49  Probe (Chrono Boost)  
  17  0:53  Assimilator  
  17  0:54  Probe  
  18  1:08  Probe  
  19  1:20  Probe  
  20  1:26  Nexus  
  20  1:37  Cybernetics Core  
  20  1:43  Assimilator  
  20  1:44  Probe  
  21  1:52  Pylon  
  21  1:57  Probe  
  22  2:09  Probe  
  22  2:10  Adept (Chrono Boost)  
  25  2:21  Probe  
  26  2:25  Stargate  
  26  2:30  Adept (Chrono Boost)  
  26  2:36  Probe (Chrono Boost)  
  29  2:40  Probe (Chrono Boost)  
  30  2:46  Warp Gate  
  30  2:50  Probe x2 (Chrono Boost)  
  32  2:53  Adept  
  32  2:58  Probe  
  35  3:01  Probe  
  36  3:08  Oracle (Chrono Boost)  
  36  3:10  Probe  
  40  3:21  Probe  
  40  3:23  Gateway  
  40  3:25  Probe  
  42  3:33  Probe  
  43  3:35  Assimilator  
  43  3:37  Probe  
  43  3:38  Assimilator  
  44  3:45  Probe  
  45  3:48  Shield Battery  
  45  3:49  Probe  
  45  3:52  Pylon  
  46  4:01  Pylon  
  46  4:04  Void Ray (Chrono Boost)  
  46  4:10  Probe x2  
  51  4:22  Probe x2  
  50  4:29  Twilight Council  
  50  4:33  Stargate  
  50  4:34  Probe x2  
  50  4:36  Adept x2  
  56  4:41  Pylon  
  56  4:43  Void Ray (Chrono Boost)  
  56  4:46  Probe  
  57  4:53  Probe  
  57  4:58  Probe  
  59  5:07  Nexus  
  59  5:09  Pylon  
  59  5:11  Probe  
  61  5:14  Void Ray (Chrono Boost)  
  61  5:17  Dark Shrine  
  65  5:21  Gateway  
  65  5:23  Probe  
  65  5:25  Gateway  
  65  5:26  Probe  
  66  5:31  Zealot  
  66  5:32  Zealot  
  66  5:35  Probe, Void Ray (Chrono Boost)  
  71  5:42  Probe  
  76  5:54  Pylon  
  76  5:57  Probe  
  76  6:01  Pylon  
  76  6:02  Shield Battery  
  77  6:04  Void Ray (Chrono Boost)  
  77  6:06  Shield Battery  
  77  6:07  Probe  
  78  6:12  Probe  
  83  6:20  Probe, Void Ray (Chrono Boost)  
  83  6:21  Probe  
  89  6:29  Probe  
  90  6:35  Dark Templar x2  
  90  6:36  Probe x2  
  96  6:43  Robotics Facility  
  96  6:45  Probe  
  97  6:47  Assimilator  
  97  6:48  Assimilator  
  97  6:51  Probe  
  98  6:56  Pylon, Void Ray (Chrono Boost)  
  98  6:58  Gateway, Void Ray (Chrono Boost)  
  98  6:59  Gateway  
  98  7:01  Pylon  
  98  7:05  Pylon  
  106  7:09  Probe  
  106  7:12  Probe  
  106  7:14  Probe  
  109  7:21  Probe  
  110  7:24  Probe  
  110  7:26  Archon, Dark Templar  
  113  7:32  Dark Templar  
  113  7:33  Probe  
  113  7:36  Forge  
  116  7:39  Gateway  
  116  7:40  Probe  
  116  7:43  Gateway  
  117  7:45  Gateway  
  117  7:50  Archon  
  117  7:51  Nexus  
  117  7:53  Charge (Chrono Boost)  
  117  7:58  Gateway  
  117  8:05  Sentry x2  
  121  8:06  Sentry x2  
  121  8:09  Pylon  
  121  8:10  Probe, Protoss Ground Weapons Level 1 (Chrono Boost)  
  121  8:11  Pylon x2  
  121  8:12  Pylon  
  126  8:18  Observer (Chrono Boost)  
  127  8:20  Templar Archives  
  127  8:22  Zealot x2  
  131  8:27  Shield Battery  
  131  8:29  Photon Cannon  
  131  8:34  Zealot  
  131  8:35  Zealot x2  
  133  8:43  Dark Templar x3  
  133  8:47  Dark Templar  
  134  8:55  Zealot x4, Dark Templar  
  136  9:03  Zealot  
  110  9:14  Probe  
  111  9:19  Zealot x7  
  111  9:20  Probe  
  126  9:26  Archon x2  
  126  9:27  Warp Prism (Chrono Boost)  
  128  9:34  Photon Cannon  
  128  9:38  Photon Cannon  
  128  9:39  Shield Battery  
  128  9:46  High Templar  
  128  9:47  High Templar  
  128  9:48  Zealot x3  
  128  9:50  Zealot  
  128  9:52  Archon  
  134  9:56  Zealot x3  
  119  10:00  Zealot  
  119  10:01  Photon Cannon  
  107  10:09  Zealot x2  
  107  10:10  Zealot  
  105  10:14  Dark Templar  
  105  10:15  Probe x2 (Chrono Boost)  
  81  10:22  Probe (Chrono Boost)  
  81  10:23  Dark Templar x3  
  76  10:29  Dark Templar x2  
  76  10:33  Dark Templar  
  71  10:38  Robotics Bay  
  70  10:44  Archon x2  
  70  10:45  Archon  
  70  10:46  Dark Templar x2  
  70  10:47  Probe (Chrono Boost), Zealot  
  70  10:48  Probe (Chrono Boost)  
  79  10:50  Probe (Chrono Boost)  
  79  10:51  Probe (Chrono Boost)  
  79  10:54  Archon  
  81  10:57  Probe (Chrono Boost)  
  81  11:01  High Templar  
  81  11:04  Zealot x2  
  89  11:10  High Templar  
  91  11:12  Zealot x2  
  91  11:13  Zealot  
  91  11:16  Zealot  
Tags
 
Add a new tag
Caveats
  • Supply blocks, unpowered buildings, or Contaminate may cause inaccurate times.
  • Supply counts are checked every 10 seconds.